 Dungeon Crawl Stone Soup version 0.31-a0-986-g5e6e4ef867 (webtiles) character file.

Game seed: 9179048039079797452

10742 p00ps00p the Cleaver (level 11, -9/102 HPs)
             Began as a Hill Orc Fighter on Nov 11, 2023.
             Mangled by a tengu warrior
             ... wielding a +1 great sword of electrocution
              (14 damage)
             ... on level 8 of the Dungeon.
             The game lasted 00:16:41 (8415 turns).

p00ps00p the Cleaver (Hill Orc Fighter)             Turns: 8415, Time: 00:16:42

Health: -9/102     AC: 15    Str: 20    XL:     11   Next: 66%
Magic:  11/11      EV:  8    Int:  8    God:
Gold:   654        SH: 11    Dex: 10    Spells: 10/10 levels left

rFire   . . .        j - +4 war axe (vamp)
rCold   + . .        c - +0 buckler
rNeg    . . .        m - +0 chain mail
rPois   +            p - +0 helmet
rElec   .            (no cloak)
rCorr   .            (no gloves)
SInv    +            h - +1 pair of boots
Will    +....        e - amulet of Arrival {Reflect rPois rC+ Regen+ Str-4 SH+5} Stlth
                     v - ring of see invisible
HPRegen 1.17/turn    i - ring of willpower
MPRegen 0.12/turn

%: reflection
@: no status effects
A: no striking features
a: no special abilities


You were on level 8 of the Dungeon.
You visited 2 branches of the dungeon, and saw 10 of its levels.
You also visited: Sewer.

You collected 654 gold pieces.

Inventory:

Hand Weapons
 a - a +0 war axe
 g - a +5 hand axe
 j - a +4 vampiric war axe (weapon)
 y - a +1 whip of flaming
Missiles
 l - 2 throwing nets
 t - a curare-tipped dart
Armour
 b - a +0 scale mail
 c - a +0 buckler (worn)
 h - a +1 pair of boots (worn)
 m - a +0 chain mail (worn)
 p - a +0 helmet (worn)
Jewellery
 e - the amulet of Arrival (around neck) {Reflect rPois rC+ Regen+ Str-4 SH+5}
   (You acquired it on level 1 of the Dungeon)

   [amulet of reflection]

   Reflect:   It reflects blocked missile attacks.
   Str-4:     It affects your strength (-4).
   rC+:       It protects you from cold.
   rPois:     It protects you from poison Regen+: It increases your rate of
   health regeneration.
   SH+5:      It affects your SH (+5).
 i - a ring of willpower (right hand)
 r - a ring of wizardry
 v - a ring of see invisible (left hand)
Wands
 f - a wand of polymorph (6)
 q - a wand of roots (11)
 s - a wand of charming (10)
 A - a wand of flame (14)
Scrolls
 d - 2 scrolls of amnesia
 k - 4 scrolls of noise
 n - a scroll of enchant armour
 o - 3 scrolls of teleportation
Potions
 u - 2 potions of haste {unknown}
 w - a potion of attraction {unknown}
 x - a potion of brilliance {unknown}
 z - a potion of curing
 B - a potion of enlightenment {unknown}
 C - a potion of ambrosia {unknown}


   Skills:
 + Level 11.5 Fighting
 + Level 12.1 Axes
 + Level 10.5 Armour
 + Level 10.5 Shields


You had 10 spell levels left.
You didn't know any spells.
Your spell library contained the following spells:

 Spells                   Type           Power      Damage    Failure   Level
 Haunt                    Necr/Summ      0%         N/A       100%        7
 Borgnjor's Revivificati  Necr           0%         N/A       100%        8
 Death's Door             Necr           0%         N/A       100%        9


Dungeon Overview and Level Annotations

Branches:
Dungeon (9/15)             Temple (1/1) D:6            Lair (0/5) D:8
  Sewer (visited)
    Orc: D:9-12

Altars:
Ashenzari
Cheibriados
Dithmenos
Elyvilon
Fedhas
Hepliaklqana
Kikubaaqudgha
Makhleb
Nemelex Xobeh
Okawaru
Qazlal
Ru
Trog
Vehumet
Wu Jian
Xom
Yredelemnul
Zin
The Shining One

Shops:
D:5 !*((!

Annotations:
D:8 1 runed translucent door


Message History

You block the tengu warrior's attack. The tengu warrior pecks you.
The tengu warrior claws you but does no damage.
Unknown command.
You closely miss the tengu warrior.
The tengu warrior is heavily wounded.
The tengu warrior closely misses you. You block the tengu warrior's attack.
The tengu warrior claws you but does no damage.
Unknown command.
You slash the tengu warrior!
The tengu warrior is severely wounded.
The tengu warrior hits you with a +1 great sword of electrocution!
The tengu warrior pecks you but does no damage.
The tengu warrior claws you but does no damage.
You hit the tengu warrior but do no damage.
The tengu warrior is severely wounded.
The tengu warrior barely misses you. You block the tengu warrior's attack.
The tengu warrior claws you.
You hit the tengu warrior.
The tengu warrior is almost dead.
You block the tengu warrior's attack.
The tengu warrior pecks you but does no damage.
You block the tengu warrior's attack.
You hit the tengu warrior.
The tengu warrior is almost dead.
The tengu warrior slips past you!
The tengu warrior hits you with a +1 great sword of electrocution.
You are electrocuted!
The tengu warrior pecks you but does no damage.
The tengu warrior claws you but does no damage.
You completely miss the tengu warrior.
The tengu warrior is almost dead.
The tengu warrior hits you with a +1 great sword of electrocution!!
* * * LOW HITPOINT WARNING * * *
You block the tengu warrior's attack. x2
You completely miss the tengu warrior.
The tengu warrior is almost dead.
The tengu warrior hits you with a +1 great sword of electrocution!
* * * LOW HITPOINT WARNING * * *
You are electrocuted!
You die...

####..# ##P.....PP.........
#..### ###..P.......##... #....#
####........#... ##.#.# #####
########..... #.#.# ##...##
##...###.## ####.#.#
##.....######.....##..# #......#
#.......#..#.......##.# #......#
#......Q#..#.......##.. #.....##
#.....@.#..#.......#### #.....#
##......##'###.....###.. #.....#
#......##...|)#..)####.#
####.###...##.##8...[.##.####..#
#.# ...##..#......##..##.'###
#.##+.##..##......#..##.))#
#...# ##.##.....8##.##...##
#######...#)....##......##
##....†###.##......## ##


You could see a tengu warrior.

Vanquished Creatures
  5 two-headed ogres
  Pikel (D:9)
  An unseen horror (D:8)
  2 komodo dragons (D:8)
  Sigmund (D:4)
  Eustachio (D:4)
  A wyvern (D:8)
  A basilisk (D:9)
  2 steam dragons
  A water moccasin (D:7)
  A sky beast (D:7)
  2 orc warriors
  3 black bears
  4 ogres
  6 centaurs
  3 phantoms
  4 lemures (D:9)
  5 kobold brigands
  9 bullfrogs
  2 gnoll sergeants (D:7)
  2 scorpions
  3 water moccasin zombies (D:4)
  11 wights
  15 killer bees
  3 howler monkeys (D:8)
  A centaur zombie (D:4)
  2 bullfrog zombies (D:4)
  3 jellies
  3 orc priests
  2 gnoll boudas
  2 hounds
  A centaur skeleton (D:4)
  A sleepcap (D:4)
  2 iguanas
  4 scorpion zombies (D:4)
  8 orc wizards
  A hound zombie (D:4)
  21 adders
  22 gnolls
  3 river rats (Sewer)
  2 shadow imps (D:8)
  3 white imps
  4 adder skeletons (D:4)
  2 adder zombies (D:4)
  3 worms
  A dart slug (D:4)
  27 orcs
  3 bats (D:2)
  9 endoplasms
  2 giant cockroaches
  8 hobgoblins
  2 jackals (Sewer)
  7 quokkas
  5 ball pythons
  4 frilled lizards
  6 goblins
  17 kobolds
  8 rats
  A spectral orc (D:7)
279 creatures vanquished.

Vanquished Creatures (others)
  An adder (D:6)
1 creature vanquished.

Grand Total: 280 creatures vanquished

Notes
Turn   | Place    | Note
-------+----------+-------------------------------------------
     0 | D:1      | p00ps00p the Hill Orc Fighter began the quest for the Orb.
     0 | D:1      | Reached XP level 1. HP: 19/19 MP: 1/1
   194 | D:1      | Reached skill level 3 in Axes
   194 | D:1      | Reached XP level 2. HP: 20/27 MP: 2/2
   443 | D:1      | Identified a scroll of acquirement
   444 | D:1      | Acquired the amulet of Arrival {Reflect rPois rC+ Regen+
                  | Str-4 SH+5}
   500 | D:2      | Reached XP level 3. HP: 33/33 MP: 3/3
   930 | D:2      | Reached XP level 4. HP: 40/40 MP: 4/4
  1264 | D:3      | Reached skill level 4 in Axes
  1264 | D:3      | Reached XP level 5. HP: 40/47 MP: 5/5
  1939 | D:4      | Reached skill level 5 in Fighting
  1939 | D:4      | Reached XP level 6. HP: 56/56 MP: 6/6
  1997 | D:4      | Reached skill level 5 in Axes
  1999 | D:4      | Reached skill level 5 in Armour
  1999 | D:4      | Reached skill level 5 in Shields
  2208 | D:4      | Reached XP level 7. HP: 60/61 MP: 7/7
  2348 | D:4      | Reached skill level 6 in Axes
  2358 | D:4      | Reached XP level 8. HP: 52/71 MP: 8/8
  2384 | D:4      | Noticed Sigmund
  2396 | D:4      | Killed Sigmund
  2514 | D:4      | Noticed Eustachio
  2547 | D:4      | Killed Eustachio
  2548 | D:4      | Reached skill level 7 in Axes
  2788 | D:5      | Entered Level 5 of the Dungeon
  2845 | D:5      | Found Jykhliw's Weapon Shop.
  2879 | D:5      | Found Cust's Distillery.
  3103 | D:5      | Found Ylykk's Distillery.
  3269 | D:5      | Found Cisulur's Assorted Antiques.
  3285 | D:5      | Found Yghudgh's Antique Weapon Shop.
  3380 | D:5      | Reached XP level 9. HP: 79/79 MP: 9/9
  3428 | D:5      | Found an ornate altar of the Wu Jian Council.
  3598 | D:6      | HP: 3/80 [steam dragon (5)]
  3602 | D:6      | Reached skill level 8 in Axes
  3736 | D:6      | Found a staircase to the Ecumenical Temple.
  3748 | Temple   | Entered the Ecumenical Temple
  3764 | D:6      | Found a glowing drain.
  3804 | Sewer    | Entered a sewer
  5468 | D:7      | Identified the +8 flail of Ruutonof {flame, rF+ rCorr
                  | Dex-4}
  5632 | D:7      | Reached skill level 9 in Axes
  5672 | D:7      | Found a hazy altar of Hepliaklqana.
  5819 | D:7      | Reached XP level 10. HP: 32/91 MP: 10/10
  6343 | D:8      | Noticed a two-headed ogre
  6361 | D:8      | Noticed a two-headed ogre
  6362 | D:8      | Killed a two-headed ogre
  6363 | D:8      | Reached skill level 10 in Axes
  6388 | D:8      | Killed a two-headed ogre
  6389 | D:8      | Reached skill level 10 in Fighting
  6638 | D:8      | Found an iron altar of Okawaru.
  6802 | D:8      | Found a runed translucent door.
  6843 | D:8      | Found a staircase to the Lair.
  6873 | D:8      | Noticed a two-headed ogre
  6888 | D:8      | Killed a two-headed ogre
  6889 | D:8      | Reached skill level 11 in Axes
  6889 | D:8      | Reached XP level 11. HP: 28/101 MP: 11/11
  6978 | D:8      | Found a runed translucent door.
  7064 | D:8      | Noticed a tengu warrior
  7065 | D:8      | Noticed a two-headed ogre
  7206 | D:9      | Noticed a two-headed ogre
  7229 | D:9      | Killed a two-headed ogre
  7255 | D:9      | Reached skill level 10 in Armour
  7458 | D:9      | Reached skill level 10 in Shields
  7483 | D:9      | Noticed Pikel
  7504 | D:9      | Killed Pikel
  8287 | D:8      | Identified the staff of Putrescence {rF- rC- Will+++ Dex+5
                  | Earth}
  8295 | D:8      | Killed a two-headed ogre
  8310 | D:8      | Reached skill level 12 in Axes
  8415 | D:8      | HP: 5/102 [tengu warrior/+1 great sword of electrocution
                  | (11)]
  8415 | D:8      | Mangled by a tengu warrior

Illustrated notes

Levels and vault maps discovered:
D:1:      minmay_arrival_three_doors, layout_basic
D:2:      layout_basic
D:3:      layout_loops_corners
D:4:      layout_rooms, serial_undead, serial_undead_e, serial_undead_a,
          serial_undead_e, serial_undead_e, serial_undead_f, serial_undead_a,
          serial_undead_f, uniq_eustachio, uniq_sigmund
D:5:      layout_loops_ring, nicolae_wu_jian_immortal_techniques, serial_shops,
          nicolae_lakefront_shop, shop, nicolae_shop_tiny_waterfront,
          nicolae_shop_tiny_real_fake_doors, nicolae_shop_tiny_glass
D:6:      layout_basic, minmay_temple_entry_junction_2, gup_sewer_entry_glass
D:7:      layout_layer_cave, nicolae_hepliaklqana_monster_ancestors,
          grunt_ministairs_10
D:8:      cheibrodos_histonic, layout_basic,
          mainiacjoe_overflow_six_doors_small, grunt_lair_entry_orc_guard_hut
D:9:      layout_long_grid, uniq_pikel
Temple:   regret_index_temple_sphere_string

Skill      XL: |  1  2  3  4  5  6  7  8  9 10 11 |
---------------+----------------------------------+-----
Axes           | 3 4 5 6 7 9 11 12 | 12.1
Fighting       | 4 5 6 7 9 10 11 | 11.5
Armour         | 4 5 6 8 9 10 | 10.5
Shields        | 4 5 6 8 9 10 | 10.5

Action                     |  1- 3 |  4- 6 |  7- 9 | 10-12 || total
---------------------------+-------+-------+-------+-------++-------
  Melee: War axe           |    98 |   117 |   332 |   332 ||   879
    Use: Scroll            |     4 |     3 |     8 |     3 ||    18
         Potion            |       |       |     4 |     3 ||     7
   Stab: Paralysed         |       |       |     3 |       ||     3
 Armour: Scale mail        |    62 |   145 |    26 |       ||   233
         Chain mail        |       |       |   232 |   275 ||   507
  Dodge: Dodged            |    37 |    74 |   123 |   100 ||   334
  Block: Buckler           |    41 |    84 |   198 |   219 ||   542
         Reflection        |     1 |       |     2 |    14 ||    17

Table legend: (Time is in decaauts)
 A = Elapsed time spent in this place.
 B = Non-inter-level travel time spent in this place.
 C = Inter-level travel time spent in this place.
 D = Time resting spent in this place.
 E = Time spent auto-exploring this place.
 F = Levels seen in this place.
 G = Mean time per level.
                   A        B        C        D        E       F      G
               +--------+--------+--------+--------+--------+-----+--------+
         Total |   8749 |   8102 |    647 |    649 |   5424 |  11 |  795.4 |
       Dungeon |   8000 |   7354 |    646 |    649 |   4877 |   9 |  888.9 |
        Temple |      1 |      0 |      1 |      0 |      0 |   1 |    1.0 |
         Sewer |    746 |    746 |      0 |      0 |    546 |   1 |  746.0 |
               +--------+--------+--------+--------+--------+-----+--------+

Top non-repeatable levels by time:
     D:6: 1211 daAuts
     D:8: 1097 daAuts
     D:7: 1041 daAuts
     D:3: 972 daAuts
     D:4: 960 daAuts
     D:5: 809 daAuts
     D:9: 772 daAuts
   Sewer: 746 daAuts
     D:2: 640 daAuts
     D:1: 494 daAuts
  Temple: 1 daAuts
